 Dungeon Crawl Stone Soup version 0.17-a0-512-gd6a67cc (webtiles) character file.

110 stringdemon the Conjurer (level 4, -1/24 HPs)
             Began as a Tengu Conjurer on Apr 11, 2015.
             Slain by a hound (4 damage)
             ... on level 6 of the Dungeon.
             The game lasted 00:12:40 (2307 turns).

stringdemon the Conjurer (Tengu Conjurer)           Turns: 2307, Time: 00:12:40

Health: -1/24      AC:  2    Str: 11    XL:     4   Next: 91%
Magic:  2/9        EV: 12    Int: 16    God:
Gold:   126        SH:  0    Dex: 14    Spells: 3 memorised, 1 level left

rFire  . . .     SeeInvis .     (no weapon)
rCold  . . .     Clarity  .     a - +0 robe
rNeg   . . .     SustAb   .     (no shield)
rPois  .         Gourm    .     (helmet restricted)
rElec  .         Spirit   .     (no cloak)
rCorr  .         Warding  .     (no gloves)
rMut   .         Stasis   .     (boots unavailable)
MR     .....                    (no amulet)
Stlth  ++........               (no ring)
                                (no ring)

@: not resistant to hostile enchantments, unstealthy
A: beak, claws 1, talons 3, deterioration 1, strong 1
a: no special abilities


You were on level 6 of the Dungeon.
You were not hungry.

You visited 1 branch of the dungeon, and saw 4 of its levels.

You collected 126 gold pieces.

Inventory:

Missiles
 e - 59 stones (quivered)
 o - 4 javelins
Armour
 a - a +0 robe (worn)
Scrolls
 g - a scroll of identify
 i - a scroll of recharging
Potions
 f - a potion of curing {unknown}
 h - a potion of might {unknown}
 j - a potion of flight {unknown}
 k - a potion of invisibility {unknown}
 l - a potion of magic {unknown}
 m - a potion of haste {unknown}
Books
 c - a book of Conjurations

   Spells                             Type                      Level
   a - Magic Dart                     Conjuration                  1
   b - Searing Ray                    Conjuration                  2
   c - Dazzling Spray                 Conjuration/Hexes            3
   d - Fulminant Prism                Conjuration/Hexes            4
   e - Iskenderun's Mystic Blast      Conjuration                  4
   f - Iskenderun's Battlesphere      Conjuration/Charms           5
Comestibles
 b - a bread ration


   Skills:
 + Level 2.3 Dodging
 - Level 2.0 Stealth
 * Level 2.9 Spellcasting
 * Level 7.2 Conjurations


You had one spell level left.
You knew the following spells:

 Your Spells              Type           Power        Failure   Level  Hunger
a - Magic Dart            Conj           ####         1%          1    #......
b - Searing Ray           Conj           ####..       1%          2    ##.....
c - Fulminant Prism       Conj/Hex       ##........   50%         4    #####..


Dungeon Overview and Level Annotations

Branches:
Dungeon (6/15)
 Temple: D:4-7

Altars:

Annotations:
D:6 Eustachio


Innate Abilities, Weirdness & Mutations

You have a beak for a mouth.
You have claws for feet.
You have sharp fingernails.
Your body is slowly deteriorating.
Your muscles are strong. (Str +2)


Message History

The giant frog zombie closely misses you.
Eustachio mumbles some strange words.
Eustachio blinks!
The giant frog zombie hits you.
Eustachio casts a spell.
The giant frog zombie hits you but does no damage.
The giant frog zombie hits you!
* * * LOW HITPOINT WARNING * * *
The giant frog zombie hits you.
* * * LOW HITPOINT WARNING * * *
Really walk into that teleport trap?
You enter a teleport trap!
The teleport trap disappears.
Your surroundings suddenly seem different.
A hound comes into view.
The hound barks!
Found a stone staircase leading down.
Drink which item? (? for menu, Esc to quit)
It was a potion of mutation.
You feel extremely strange.
You feel yourself wasting away.
You feel stronger.
Your fingernails lengthen.
The hound bites you.
You die...

#.########.#
#.########.#######
##..........5.@...#
.
#.......###.#####.#
..>
#..####.......Z.@.#
#... #..#
#####.####..#
.....#..# ### #.#
#..#
.........##...###.#
#..#
........@h........#
#..#
.......####...#####
#..# ..... .## #..#
#... # ####..# ##.
#...... # ..#
#.##### ### #.# #.#
# ..# #.# #.# # #.#
#.# #.# #


You could see a hound.

Vanquished Creatures
  Terence (D:2)
  A gnoll (D:1)
  3 adders (D:2)
  A worm (D:2)
  An ooze (D:1)
  A giant cockroach (D:2)
  2 hobgoblins
  7 kobolds
  7 bats
  2 giant geckos (D:2)
  A giant gecko skeleton (D:6)
  6 giant newts
  A giant spore (D:6)
  7 goblins
  4 rats
  A ballistomycete (D:6)
46 creatures vanquished.

Vanquished Creatures (others)
  A ballistomycete (D:6)
1 creature vanquished.

Grand Total: 47 creatures vanquished

Notes
Turn   | Place    | Note
--------------------------------------------------------------
     0 | D:1      | stringdemon, the Tengu Conjurer, began the quest for the Orb.
     0 | D:1      | Reached XP level 1. HP: 10/10 MP: 4/4
   363 | D:1      | Reached XP level 2. HP: 15/15 MP: 0/6
   544 | D:1      | Reached skill level 6 in Conjurations
   691 | D:1      | Reached XP level 3. HP: 19/19 MP: 0/7
   897 | D:2      | Learned a level 2 spell: Searing Ray
  1378 | D:2      | Reached XP level 4. HP: 24/24 MP: 5/8
  1496 | D:2      | Noticed Terence
  1757 | D:2      | Reached skill level 7 in Conjurations
  1869 | D:2      | Killed Terence
  2007 | D:2      | Learned a level 4 spell: Fulminant Prism
  2080 | D:3      | You fall through a shaft for 3 floors!
  2290 | D:6      | Noticed Eustachio
  2307 | D:6      | Gained mutation: Your body is slowly deteriorating. [potion of mutation]
  2307 | D:6      | Gained mutation: Your muscles are strong. (Str +2) [potion of mutation]
  2307 | D:6      | Gained mutation: You have sharp fingernails. [potion of mutation]
  2307 | D:6      | Slain by a hound

Action                   |  1- 3 |  4- 6 || total
-------------------------+-------+-------++-------
Melee: Unarmed           |     8 |     2 ||    10
       Dagger            |    10 |     1 ||    11
Throw: Stone             |     3 |     1 ||     4
 Cast: Magic Dart        |    56 |    33 ||    89
       Searing Ray       |     1 |     3 ||     4
  Use: Scroll            |     2 |     3 ||     5
       Potion            |       |     1 ||     1
  Eat: Chunk             |     2 |     1 ||     3
       Bread ration      |       |     1 ||     1
